 Dungeon Crawl Stone Soup version 0.31-a0-149-g3fdcc5976a (webtiles) character file.

Game seed: 1497304087046928184

55 qw the Shooter (level 3, -3/31 HPs)
             Began as a Minotaur Hunter on June 7, 2023.
             Slain by Terence
             ... wielding a +0 flail
              (4 damage)
             ... on level 3 of the Dungeon.
             The game lasted 00:00:30 (1397 turns).

qw the Shooter (Minotaur Hunter)                    Turns: 1397, Time: 00:00:30

Health: -3/31      AC:  3    Str: 15    XL:     3   Next: 67%
Magic:  2/2        EV: 12    Int: 12    God:
Gold:   46         SH:  0    Dex: 15    Spells: 2/2 levels left

rFire   . . .        j - +10 sling "Vymn" {freeze, Int+6}
rCold   . . .        (no shield)
rNeg    . . .        c - +0 leather armour
rPois   .            (helmet restricted)
rElec   .            (no cloak)
rCorr   .            (no gloves)
SInv    .            (no boots)
Will    .....        (no amulet)
Stlth   +            (no ring)
HPRegen 0.25/turn    (no ring)
MPRegen 0.08/turn

%: no passive effects
@: hasted, very quick
A: horns 2, retaliatory headbutt
a: no special abilities


You were on level 3 of the Dungeon.
You visited 1 branch of the dungeon, and saw 3 of its levels.

You collected 128 gold pieces.
You spent 82 gold pieces at shops.


Innate Abilities, Weirdness & Mutations

You have a pair of horns on your head.
You reflexively headbutt those who attack you in melee.


   Skills:
 - Level 3.2 Fighting
 + Level 5.6 Ranged Weapons
 - Level 2.1 Dodging
 - Level 0.7 Stealth


You had 2 spell levels left.
You didn't know any spells.
Your spell library was empty.

Inventory:

Hand Weapons
 j - the +10 sling "Vymn" (weapon) {freeze, Int+6}
   (You found it on level 2 of the Dungeon)

   Int:       It affects your intelligence (+6).
Armour
 c - a +0 leather armour (worn)
Scrolls
 a - a scroll of identify
 d - a scroll of enchant armour
Potions
 e - a potion of might {unknown}
 g - a potion of attraction {unknown}
 h - a potion of haste
 i - a potion of cancellation {unknown}
 k - 2 potions of curing
 l - a potion of mutation {unknown}
 m - a potion of enlightenment {unknown}

Dungeon Overview and Level Annotations

Branches:
Dungeon (3/15)

Altars:

Shops:
D:2 [?

Annotations:
D:3 Terence


Message History

Done exploring.
1350 ||| DRINKING 2 cyan potions.
It was a potion of haste.
You feel yourself speed up.
Done exploring.
1351 ||| DRINKING 3 inky potions.
It was a potion of curing.
You feel better.
Done exploring.
1352 ||| DROPPING scroll of summoning.
You drop a scroll of summoning.
Done exploring.
(D) Dungeon
Where to? (* - list waypoints, Enter - D:2, ? - help)
What level of the Dungeon? (default 1, ? - help)
You swap places.
There is an open door here.
There is a stone staircase leading down here.
You climb downwards.
There is a stone staircase leading up here.
Waypoint 2 assigned to D:3.
Terence the Incautious comes into view.
He is wielding a +0 flail.
Terence shouts!
You shoot a sling bullet. The sling bullet barely misses Terence.
You shoot a sling bullet. The sling bullet barely misses Terence.
Terence hits you with a +0 flail.
You shoot a sling bullet. The sling bullet barely misses Terence.
Terence hits you with a +0 flail!
You shoot a sling bullet. The sling bullet hits Terence.
The sling bullet freezes Terence.
Terence is lightly wounded.
You shoot a sling bullet.
The sling bullet hits Terence but does no damage.
Terence is lightly wounded.
Terence hits you with a +0 flail!
You shoot a sling bullet.
The sling bullet closely misses Terence.
You feel your willpower return. Terence hits you with a +0 flail!
You shoot a sling bullet.
The sling bullet hits Terence but does no damage.
Terence is lightly wounded.
Terence hits you with a +0 flail.
You die...

#. ###.### .
##..... .
.....
#.#.#.#
#.#.#.#.#
#......<#
#.#.#..##
##.# #@#
#....@.....#
######.#.###
#....# #..
... #....###
#.#. # #....


You could see Terence.

Vanquished Creatures
  2 adders (D:2)
  3 endoplasms
  7 hobgoblins
  8 kobolds
  5 quokkas
  3 bats (D:1)
  2 frilled lizards
  2 goblins (D:2)
  4 rats
36 creatures vanquished.

Notes
Turn   | Place    | Note
-------+----------+-------------------------------------------
     0 | D:1      | qw the Minotaur Hunter began the quest for the Orb.
     0 | D:1      | Reached XP level 1. HP: 18/18 MP: 0/0
     0 | D:1      | 0 ||| qw: Version: 0.2-a-117-gc6b5c8b
     0 | D:1      | 0 ||| qw: Game counter: 2619
     0 | D:1      | 0 ||| qw: Always use a shield: true
     0 | D:1      | 0 ||| qw: God list: Okawaru
     0 | D:1      | 0 ||| qw: Allow faded altars: false
     0 | D:1      | 0 ||| qw: Do Orc after D:15 true
     0 | D:1      | 0 ||| qw: Do second Lair branch before Depths: true
     0 | D:1      | 0 ||| qw: Lair rune preference: random
     0 | D:1      | 0 ||| qw: Plans: Normal
     0 | D:1      | 0 ||| PLANNING D:1-11
   308 | D:1      | Reached XP level 2. HP: 25/25 MP: 1/1
   357 | D:1      | Reached skill level 5 in Ranged Weapons
   624 | D:1      | 624 ||| DROPPING +6 ring of intelligence.
   625 | D:1      | 625 ||| READING 2 scrolls labelled ILIXIUKOMOPH.
   626 | D:1      | 626 ||| READING scroll labelled ASSAYSITRE.
   627 | D:1      | 627 ||| READING scroll labelled SIRIUT NIETS.
   628 | D:1      | 628 ||| READING scroll labelled LAT XACZICH.
   629 | D:1      | 629 ||| DROPPING scroll of butterflies.
   673 | D:2      | Reached skill level 3 in Fighting
   838 | D:2      | Reached XP level 3. HP: 31/31 MP: 2/2
   870 | D:2      | Found Asosch's Magic Scroll Boutique.
   877 | D:2      | 877 ||| SHOPLISTING scroll of acquirement (572 gold, have
                  | 98).
   877 | D:2      | 877 ||| SHOPLISTING scroll of brand weapon (104 gold, have
                  | 98).
   877 | D:2      | 877 ||| BUYING scroll of enchant armour (82 gold).
   877 | D:2      | Bought a scroll of enchant armour for 82 gold pieces
   877 | D:2      | 877 ||| SHOPLISTING scroll of identify (22 gold, have 16).
   948 | D:2      | Found Wekim's Armour Shoppe.
  1230 | D:2      | Identified the +10 sling "Vymn" {freeze, Int+6}
  1232 | D:2      | 1232 ||| SWAPPING to +10 sling "Vymn" {freeze, Int+6}.
  1233 | D:2      | 1233 ||| DROPPING +0 shortbow of draining.
  1348 | D:2      | 1348 ||| READING scroll labelled VUDEOL SUDGHEUS.
  1349 | D:2      | 1349 ||| READING 2 scrolls labelled LENGEO IMUM YSIOPP.
  1350 | D:2      | 1350 ||| DRINKING 2 cyan potions.
  1351 | D:2      | 1351 ||| DRINKING 3 inky potions.
  1352 | D:2      | 1352 ||| DROPPING scroll of summoning.
  1390 | D:3      | Noticed Terence
  1396 | D:3      | HP: 1/31 [Terence/+0 flail (10)]
  1397 | D:3      | Slain by Terence

Levels and vault maps discovered:
D:1:      nicolae_arrival_somewhat_less_tricky_arrival, layout_rooms,
          minmay_tall_x
D:2:      layout_loops_corners, serial_shops, shop, shop, serial_bayou_pond_a
D:3:      layout_loops_corners, makhleb_altar_promises_db,
          gammafunk_ghost_necromancy, roderic_lattice_a, nrook_campfire,
          uniq_terence

Skill      XL: |  1  2 |
---------------+-------+-----
Ranged Weapons | 5 |  5.6
Fighting       | 3 |  3.2
Dodging        | |  2.1
Stealth        | |  0.7

Action                     || total
---------------------------++-------
   Fire: Shortbow          ||    80
         Sling             ||    12
    Use: Scroll            ||     6
         Potion            ||     2
 Armour: Leather armour    ||     5
  Dodge: Dodged            ||    10

Table legend:
 A = Non-vault XP
 B = Vault XP
 C = Vault XP percentage of total XP
 D = Non-vault monster count
 E = Vault monster count
 F = Vault count percentage of total count
                 A         B        C        D         E       F
            +---------+---------+-------+---------+---------+-------
      Total |      74 |       5 |   6.3 |      32 |       4 |  11.1
            +---------+---------+-------+---------+---------+-------
        D:1 |      13 |       5 |  27.8 |       9 |       4 |  30.8
        D:2 |      61 |       0 |   0.0 |      23 |       0 |   0.0
            +---------+---------+-------+---------+---------+-------
